 Dungeon Crawl Stone Soup version 0.28-a0-706-gf6f64a616a (webtiles) character file.

Game seed: 15096778738867000397

16 marklar909 the Grave Robber (level 2, -1/20 HPs)
             Began as a Palentonga Necromancer on Oct 24, 2021.
             Slain by Terence (8 damage)
             ... on level 1 of the Dungeon.
             The game lasted 00:02:22 (1174 turns).

marklar909 the Grave Robber (PaNe)                  Turns: 1174, Time: 00:02:22

Health: -1/20      AC:  5    Str: 11    XL:     2   Next: 37%
Magic:  1/5        EV:  8    Int: 15    God:
Gold:   13         SH:  0    Dex: 10    Spells: 3/5 levels left

rFire   . . .      SeeInvis +   (no weapon)
rCold   . . .      Faith    .   (no shield)
rNeg    . . .      Spirit   .   d - +0 ring mail
rPois   .          Reflect  .   (no helmet)
rElec   .          Harm     .   (no cloak)
rCorr   .          Rampage  .   (no gloves)
Will    .....                   (no barding)
Stlth   +.........              (no amulet)
HPRegen 0.06/turn               (no ring)
MPRegen 0.09/turn               (no ring)

@: no status effects
A: large, rugged brown scales 3, see invisible, deformed body, roll 1, armoured
tail
a: Rolling Charge


You were on level 1 of the Dungeon.
You visited 1 branch of the dungeon, and saw 2 of its levels.

You collected 13 gold pieces.

Inventory:

Armour
 d - a +0 ring mail (worn)
Jewellery
 h - a +6 ring of dexterity
Potions
 a - a potion of flight {unknown}
 b - a potion of heal wounds
 c - 2 potions of attraction {unknown}
 e - a potion of resistance {unknown}


   Skills:
 * Level 0.2 Fighting
 * Level 0.2 Armour
 + Level 1.5 Dodging
 - Level 1.2 Stealth
 + Level 2.0 Spellcasting
 + Level 4.5 Necromancy


You had 3 spell levels left.
You knew the following spells:

 Your Spells              Type           Power      Damage    Failure   Level
a - Pain                  Necr           60%        1d7       9%          1
b - Animate Skeleton      Necr           30%        N/A       9%          1

Your spell library contained the following spells:

 Spells                   Type           Power      Damage    Failure   Level
 Vampiric Draining        Necr           7%         2d7       26%         3
 Animate Dead             Necr           7%         N/A       63%         4
 Agony                    Necr           15%        N/A       93%         5


Dungeon Overview and Level Annotations

Branches:
Dungeon (2/15)

Altars:

Annotations:
D:1 Terence


Innate Abilities, Weirdness & Mutations

You are completely covered in rugged brown scales. (AC +3, +7% HP)
You have supernaturally acute eyesight. (SInv)
Armour fits poorly on your strangely shaped body.
You can roll at nearby foes to attack.
You have a long armoured tail.


Message History

Aim: Terence, wielding a +0 flail and wearing a +0 ring mail (lightly wounded, chance to affect: 80%)
You miscast Pain.
You are very lightly contaminated with residual magic.
Nothing appears to happen.
Terence hits you but does no damage.
Casting: Pain (safe; 9% risk of failure)
Confirm with . or Enter, or press ? or * to list all spells.
Aiming: Pain (safe; 9% risk of failure)
Press: ? - help, Shift-Dir - straight line, f/p - Terence
Aim: Terence, wielding a +0 flail and wearing a +0 ring mail (lightly wounded, chance to affect: 80%) Terence writhes in agony!
Terence hits you but does no damage.
Your magical contamination has completely faded away.
Terence says, "Rest in peace."
Terence shouts, "ATTACK!!!"
Terence asks, "Do you want it fast or slow?"
You see here a +0 dagger.
Casting: Pain (safe; 9% risk of failure)
Confirm with . or Enter, or press ? or * to list all spells.
Aiming: Pain (safe; 9% risk of failure)
Press: ? - help, Shift-Dir - straight line, f/p - Terence
Aim: Terence, wielding a +0 flail and wearing a +0 ring mail (heavily wounded, chance to affect: 80%) Terence writhes in agony.
Terence closely misses you.
Casting: Pain (safe; 9% risk of failure)
Confirm with . or Enter, or press ? or * to list all spells.
Aiming: Pain (safe; 9% risk of failure)
Press: ? - help, Shift-Dir - straight line, f/p - Terence
Aim: Terence, wielding a +0 flail and wearing a +0 ring mail (heavily wounded, chance to affect: 80%) Terence writhes in agony.
Terence barely misses you.
Casting: Pain (safe; 9% risk of failure)
Confirm with . or Enter, or press ? or * to list all spells.
Aiming: Pain (safe; 9% risk of failure)
Press: ? - help, Shift-Dir - straight line, f/p - Terence
Aim: Terence, wielding a +0 flail and wearing a +0 ring mail (severely wounded, chance to affect: 80%) Terence writhes in agony.
Terence hits you with a +0 flail.
Casting: Pain (safe; 9% risk of failure)
Confirm with . or Enter, or press ? or * to list all spells.
Aiming: Pain (safe; 9% risk of failure)
Press: ? - help, Shift-Dir - straight line, f/p - Terence
Aim: Terence, wielding a +0 flail and wearing a +0 ring mail (almost dead, chance to affect: 80%) Terence barely resists.
Terence hits you with a +0 flail!
You die...

##...##.......#.##.####
#.............#....####
#....##########........
#.....# #.........
#.....# #.........
#.....########.........
##...........#.........
##....................
#...@@.).........####
###.#............#...
#................#...
#....................
#..........##........
#...........#........
#.....#........###...
#.....#........# #...
#.....#........###...


You could see Terence.

Vanquished Creatures
  2 ball pythons
  2 endoplasms (D:1)
  A giant cockroach (D:2)
  4 goblins (D:1)
  A hobgoblin (D:2)
  2 frilled lizards (D:1)
  A rat (D:1)
13 creatures vanquished.

Notes
Turn   | Place    | Note
-------+----------+-------------------------------------------
     0 | D:1      | marklar909 the Palentonga Necromancer began the quest for
                  | the Orb.
     0 | D:1      | Reached XP level 1. HP: 13/13 MP: 3/3
   616 | D:1      | Reached XP level 2. HP: 17/20 MP: 0/5
   886 | D:1      | Learned a level 1 spell: Animate Skeleton
   927 | D:2      | Noticed Terence
  1174 | D:1      | Slain by Terence

Illustrated notes

Levels and vault maps discovered:
D:1:      tarquinn_simple_flora_water_e, layout_basic
D:2:      layout_rooms, uniq_terence, uniq_sigmund

Action                   || total
-------------------------++-------
Melee: Unarmed           ||     9
       Tailslap          ||     1
 Cast: Pain              ||    28
       Animate Skeleton  ||     1
  Use: Scroll            ||     2
       Potion            ||     1
Armor: Ring mail         ||    17
Dodge: Dodged            ||    13

Table legend: (Time is in decaauts)
 A = Elapsed time spent in this place.
 B = Non-inter-level travel time spent in this place.
 C = Inter-level travel time spent in this place.
 D = Time resting spent in this place.
 E = Time spent auto-exploring this place.
 F = Levels seen in this place.
 G = Mean time per level.
                   A        B        C        D        E       F      G
               +--------+--------+--------+--------+--------+-----+--------+
         Total |   1174 |   1096 |     78 |    173 |    682 |   2 |  587.0 |
       Dungeon |   1174 |   1096 |     78 |    173 |    682 |   2 |  587.0 |
               +--------+--------+--------+--------+--------+-----+--------+

Top non-repeatable levels by time:
     D:1: 1138 daAuts
     D:2: 36 daAuts
